 Dungeon Crawl Stone Soup version 0.30-a0-1160-g6e42c06 (webtiles) character file.

Game seed: 15203049125923163062

109 Dorkslayer the Covered (level 4, 0/29 HPs)
             Began as a Gargoyle Fighter on Apr 25, 2023.
             Slain by Natasha (5 damage)
             ... on level 2 of the Dungeon.
             The game lasted 00:02:54 (889 turns).

Dorkslayer the Covered (Gargoyle Fighter)            Turns: 889, Time: 00:02:55

Health: 0/29       AC: 18    Str: 19    XL:     4   Next: 89%
Magic:  4/4        EV:  5    Int:  9    God:
Gold:   115        SH:  4    Dex: 11    Spells: 3/3 levels left

rFire   + . .        a - +0 war axe
rCold   + . .        c - +0 buckler
rNeg    + . .        n - +0 plate armour
rPois   ∞            b - +2 helmet
rElec   +            (no cloak)
rCorr   +            (no gloves)
SInv    .            (no boots)
Will    .....        (no amulet) Stlth
                     (no ring)
HPRegen 0.24/turn    (no ring)
MPRegen 0.09/turn

%: no passive effects
@: mighty, brilliant, resistant, attractive, slowed, very slow
A: sickness immunity, AC +3, negative energy resistance 1, electricity
resistance, torment resistance 1, petrification resistance
a: no special abilities


You were on level 2 of the Dungeon.
You visited 1 branch of the dungeon, and saw 4 of its levels.

You collected 115 gold pieces.

Inventory:

Hand Weapons
 a - a +0 war axe (weapon)
Missiles
 f - 5 boomerangs (quivered)
Armour
 b - a +2 helmet (worn)
 c - a +0 buckler (worn)
 n - a +0 plate armour (worn)
Wands
 o - a wand of flame (12)
Scrolls
 e - a scroll of immolation {unknown}
 g - 2 scrolls of enchant armour {unknown}
 h - a scroll of noise {unknown}
Potions
 k - a potion of curing {unknown}
 m - a potion of flight {unknown}


   Skills:
 + Level 3.8 Fighting
 + Level 2.7 Axes
 + Level 3.9 Armour
 * Level 1.3 Dodging
 + Level 3.8 Shields


You had 3 spell levels left.
You didn't know any spells.
Your spell library contained the following spells:

 Spells                   Type           Power      Damage    Failure   Level
 Beastly Appendage        Tmut           0%         N/A       100%        1
 Wereblood                Tmut           0%         N/A       100%        2
 Spider Form              Tmut/Pois      0%         N/A       100%        3
 Summon Guardian Golem    Hex/Summ       0%         N/A       100%        3
 Orb of Destruction       Conj           0%         9d5       100%        7
 Spellforged Servitor     Conj/Summ      0%         N/A       100%        7


Dungeon Overview and Level Annotations

Branches:
Dungeon (4/15)
 Temple: D:4-7

Altars:

Annotations:
D:2 Natasha


Innate Abilities, Weirdness & Mutations

You are immune to sickness and miasma.
Your stone body is resilient. (AC +3)
You are immune to poison.
You resist negative energy. (rN+)
You are resistant to electric shocks. (rElec)
You are resistant to unholy torment.
You are immune to petrification.


Message History

The hobgoblin hits you but does no damage.
You barely miss something. You closely miss the hobgoblin.
Something claws you but does no damage. You block the cerulean imp's attack.
You block the hobgoblin's attack.
You barely miss something. You closely miss the hobgoblin. Something claws you.
The cerulean imp hits you but does no damage.
The hobgoblin completely misses you. Something claws you but does no damage.
You miss something. You hit the hobgoblin.
You kill the hobgoblin!
The cerulean imp hits you but does no damage.
Something claws you!
The cerulean imp hits you but does no damage.
You slash something!
You hear some strange, mumbled words.
A magic dart appears from out of thin air!
The magic dart hits you.
The cerulean imp hits you but does no damage.
You feel very mighty all of a sudden.
You hear some strange, mumbled words.
You feel yourself slow down.
The cerulean imp hits you but does no damage.
It was a potion of brilliance.
You feel clever all of a sudden. Something claws you.
The cerulean imp closely misses you. Something claws you but does no damage.
The cerulean imp hits you but does no damage.
It was a potion of attraction.
You feel attractive to monsters. Something claws you.
* * * LOW HITPOINT WARNING * * *
The cerulean imp hits you but does no damage.
It was a potion of resistance.
You feel protected.
You hear some strange, mumbled words.
A magic dart appears from out of thin air!
The magic dart hits you.
* * * LOW HITPOINT WARNING * * *
The cerulean imp hits you but does no damage.
Something claws you.
You die...

#.(......#
#........##
##.........#
#..........#
#.....##...#
#..........###
####.....#†.....###
#........##........
#.@.####..##..#.###
#{#..# ##.##.....##
#5.##.# .##.......
#.# ..# .#........
.. ...# #......†)
... .#.............
... ...............
.... #............
#..#.........


You could see a cerulean imp (summoned).

Vanquished Creatures
  Natasha (twice) (D:2)
  An iguana (D:4)
  An adder (D:4)
  2 dart slugs
  An orc (D:3)
  3 ball pythons
  A giant cockroach (D:1)
  2 hobgoblins
  A quokka (D:1)
  A bat (D:2)
  2 frilled lizards (D:2)
  6 goblins
  A rat (D:2)
  A spectral kobold (D:2)
25 creatures vanquished.

Vanquished Creatures (others)
  4 plants (D:1)
4 creatures vanquished.

Grand Total: 29 creatures vanquished

Notes
Turn   | Place    | Note
-------+----------+-------------------------------------------
     0 | D:1      | Dorkslayer the Gargoyle Fighter began the quest for the
                  | Orb.
     0 | D:1      | Reached XP level 1. HP: 14/14 MP: 1/1
   235 | D:1      | Reached XP level 2. HP: 11/19 MP: 2/2
   613 | D:2      | You fall into a shaft and drop 2 floors!
   644 | D:4      | Reached skill level 1 in Dodging
   644 | D:4      | Reached XP level 3. HP: 18/23 MP: 3/3
   747 | D:2      | Found a faded altar of an unknown god.
   747 | D:2      | Noticed Natasha
   758 | D:2      | Killed Natasha
   759 | D:2      | Reached XP level 4. HP: 29/29 MP: 4/4
   816 | D:2      | Noticed Natasha
   830 | D:2      | Killed Natasha
   877 | D:2      | Noticed Natasha
   889 | D:2      | Slain by Natasha

Illustrated notes

Levels and vault maps discovered:
D:1:      minmay_arrival_stone_box, layout_rooms, serial_forest,
          infiniplex_forest_end_1, infiniplex_forest_zigzag_1,
          infiniplex_forest_corner_1, infiniplex_forest_clump_double,
          infiniplex_forest_clump_small, minmay_misc_feat_hallway,
          minmay_misc_feat_doors, minivault_26
D:2:      layout_rooms, dreamdust_ecumenical_altar_drowned_temple, uniq_natasha
D:3:      cheibrodos_greedy_goblins, layout_loops_cross,
          overflow_temple_1_default, slow_altar_2, uniq_sigmund
D:4:      layout_rooms, nemelex_diamond_rough_becter, lemuel_temple_firewalk_b

Skill      XL: |  1  2 |
---------------+-------+-----
Axes           | 2 |  2.7
Dodging        | 1 |  1.3
Fighting       | |  3.8
Armour         | |  3.9
Shields        | |  3.8

Action                     |  1- 3 |  4- 6 || total
---------------------------+-------+-------++-------
  Melee: War axe           |    80 |    24 ||   104
    Use: Potion            |       |     4 ||     4
 Armour: Scale mail        |    31 |       ||    31
         Chain mail        |    25 |       ||    25
         Plate armour      |    13 |    34 ||    47
  Dodge: Dodged            |    38 |    14 ||    52
  Block: Buckler           |    15 |    12 ||    27

Table legend: (Time is in decaauts)
 A = Elapsed time spent in this place.
 B = Non-inter-level travel time spent in this place.
 C = Inter-level travel time spent in this place.
 D = Time resting spent in this place.
 E = Time spent auto-exploring this place.
 F = Levels seen in this place.
 G = Mean time per level.
                   A        B        C        D        E       F      G
               +--------+--------+--------+--------+--------+-----+--------+
         Total |    947 |    947 |      0 |      0 |    465 |   4 |  236.8 |
       Dungeon |    947 |    947 |      0 |      0 |    465 |   4 |  236.8 |
               +--------+--------+--------+--------+--------+-----+--------+

Top non-repeatable levels by time:
     D:1: 633 daAuts
     D:2: 247 daAuts
     D:4: 41 daAuts
     D:3: 25 daAuts
